 Dungeon Crawl Stone Soup version 0.23-a0-454-gae4fabde77 (webtiles) character file.

17133 Iloish the Geomancer (level 12, -25/71 HPs)
             Began as a Gargoyle Earth Elementalist on Nov 24, 2018.
             Was a High Priest of Vehumet.
             Killed from afar by a fire dragon (61 damage)
             ... with a blast of flame
             ... on level 13 of the Dungeon.
             The game lasted 00:39:54 (17502 turns).

Iloish the Geomancer (Gargoyle Earth Elementalist) Turns: 17502, Time: 00:39:55

Health: -25/71     AC: 19    Str: 11    XL:     12   Next: 44%
Magic:  5/23       EV: 19    Int: 24    God:    Vehumet [*****.]
Gold:   789        SH:  0    Dex: 10    Spells: 17/26 levels left

rFire    . . .     SeeInvis .   j - +6 dire flail (venom)
rCold    . . .     Gourm    .   (shield currently unavailable)
rNeg     + . .     Faith    .   u - +0 leather armour "Kiufrell" {rCorr Int+2}
rPois    ∞         Spirit   .   (no helmet)
rElec    +         Reflect  .   p - +1 cloak
rCorr    +         Harm     .   e - +1 pair of gloves
MR       .....                  t - +1 pair of boots
Stlth    ++........             (no amulet)
HPRegen  0.21/turn              C - +3 ring of evasion
MPRegen  0.18/turn              D - +3 ring of evasion

@: no status effects
A: negative energy resistance 1, electricity resistance, unbreathing,
petrification resistance, rot immunity, AC +8
a: Renounce Religion


You were on level 13 of the Dungeon.
You worshipped Vehumet.
Vehumet was extremely pleased with you.
You were near starving.

You visited 2 branches of the dungeon, and saw 14 of its levels.
You also visited: Sewer.

You collected 789 gold pieces.

Inventory:

Hand Weapons
 j - a +6 dire flail of venom (weapon)
 m - a +3 mace of draining
Missiles
 b - 362 stones (quivered)
 l - a throwing net
Armour
 e - a +1 pair of gloves (worn)
 f - a +0 shield
 p - a +1 cloak (worn)
 t - a +1 pair of boots (worn)
 u - the +0 leather armour "Kiufrell" (worn) {rCorr Int+2}
   (You found it on level 8 of the Dungeon)

   It affects your intelligence (+2).
   It provides partial protection from all sources of acid and corrosion.
Magical Staves
 w - an uncursed staff of earth
Jewellery
 C - a +3 ring of evasion (left hand)
 D - a +3 ring of evasion (right hand)
 J - the ring of Pefiecsinn {rPois rC+}
   (You found it on level 11 of the Dungeon)

   [ring of poison resistance]

   It protects you from cold.
   It protects you from poison.
Wands
 h - a wand of flame (18)
 i - a wand of random effects (12)
 z - a wand of enslavement (8)
 A - a wand of acid (7)
 H - a wand of scattershot (9)
Scrolls
 c - a scroll of magic mapping
 k - 4 scrolls of remove curse
 q - 2 scrolls of teleportation
 v - a scroll of identify
 y - a scroll of fog
 B - 2 scrolls of blinking
 G - a scroll of amnesia
Potions
 a - 2 potions of might
 g - 3 potions of lignification
 n - 2 potions of ambrosia
 o - a potion of curing
 r - a potion of flight
 s - a potion of brilliance
 x - a potion of cancellation
 E - a potion of agility
 F - a potion of heal wounds
Comestibles
 d - 26 rations


   Skills:
 + Level 6.5 Fighting
 + Level 5.9 Maces & Flails
 + Level 6.6 Armour
 + Level 5.3 Dodging
 - Level 2.1 Stealth
 + Level 6.6 Shields
 + Level 7.6 Spellcasting
 + Level 8.2 Conjurations
   Level 0.7 Transmutations
 + Level 10.2 Earth Magic
 + Level 5.1 Evocations


You had 17 spell levels left.
You knew the following spells:

 Your Spells              Type           Power        Failure   Level  Hunger
a - Sandblast             Erth           ######       1%          1    None
b - Stone Arrow           Conj/Erth      ######       1%          3    None
c - Lee's Rapid Deconstr  Erth           ######....   1%          5    #####..

Your spell library contained the following spells:

 Spells                   Type           Power        Failure   Level  Hunger
 Sticky Flame             Conj/Fire      ####....     4%          4    ###....
 Magic Dart               Conj           ####         1%          1    None
 Passwall                 Tmut/Erth      #####...     1%          2    None
 Searing Ray              Conj           #####.       1%          2    None
 Dazzling Spray           Conj/Hex       ####..       1%          3    None
 Iskenderun's Mystic Bla  Conj           #####...     1%          4    ###....
 Force Lance              Conj/Tloc      ####....     4%          4    ###....
 Fulminant Prism          Conj/Hex       ####......   4%          4    ###....
 Animate Skeleton         Necr           N/A          9%          1    None
 Pain                     Necr           #...         9%          1    None
 Summon Small Mammal      Summ           #...         9%          1    None
 Petrify                  Tmut/Erth      #####...     9%          4    ###....
 Call Imp                 Summ           #.......     13%         2    None
 Call Canine Familiar     Summ           #.......     26%         3    None
 Regeneration             Chrm/Necr      #.........   26%         3    None
 Summon Guardian Golem    Hex/Summ       #.......     26%         3    None
 Vampiric Draining        Necr           #.........   26%         3    None
 Animate Dead             Necr           N/A          65%         4    ###....
 Summon Ice Beast         Ice/Summ       #.......     65%         4    ###....
 Summon Lightning Spire   Summ/Air       #.......     65%         4    ###....


Dungeon Overview and Level Annotations

Branches:
Dungeon (13/15)            Temple (1/1) D:4            Lair (0/6) D:10
    Orc (0/2) D:11
 Vaults: D:13-14

Altars:
Ashenzari
Cheibriados
Dithmenos
Elyvilon
Fedhas
Gozag
Hepliaklqana
Kikubaaqudgha
Makhleb
Nemelex Xobeh
Okawaru
Qazlal
Ru
Sif Muna
Trog
Uskayaw
Vehumet
Wu Jian
Xom
Yredelemnul
Zin
The Shining One

Shops:
D:6 :   D:12 [


Innate Abilities, Weirdness & Mutations

You are resistant to torment.
Your stone body is resilient. (AC +8)
You are immune to poison.
You resist negative energy. (rN+)
You are resistant to electric shocks. (rElec)
You can survive without breathing.
You are immune to petrification.
You are immune to rotting.


Message History

The fire dragon is heavily wounded.
The fire dragon bites you but does no damage.
The fire dragon completely misses you. The fire dragon barely misses you.
You hit the fire dragon.
The fire dragon is heavily wounded.
The fire dragon bites you but does no damage.
The fire dragon claws you but does no damage.
The fire dragon tramples you but does no damage.
You hit the fire dragon but do no damage.
The fire dragon looks as sick as possible!
The fire dragon is heavily wounded.
The fire dragon bites you.
The fire dragon claws you but does no damage.
The fire dragon closely misses you.
You closely miss the fire dragon.
The fire dragon is heavily wounded.
The fire dragon breathes flames at you. The blast of flame hits you!
Ouch! That really hurt!
You die...

### ##8## ##...##
#########8...8#
8#8#8#8#8#8#8......#
......D@........<..#
8#8#8#8#8#8#8......#
#########8...8#
##...## ##8## ###


You could see a fire dragon.

Vanquished Creatures
  A hydra (D:12)
  A centaur warrior (D:11)
  A two-headed ogre (D:8)
  3 ugly things
  3 cyclopes
  2 manticores
  A salamander (shapeshifter) (D:12)
  A centaur zombie (D:10)
  2 komodo dragons (D:10)
  2 trolls
  A tengu conjurer (D:11)
  7 hippogriffs
  2 wyverns
  13 yaks
  2 vampires
  A hungry ghost (D:11)
  2 water moccasins
  Edmund (D:6)
  A soldier ant (D:12)
  2 sky beasts
  6 orc warriors
  An ice beast (D:12)
  An eye of draining (D:10)
  2 black bears
  9 ogres
  2 phantoms
  4 centaurs
  A wolf (D:9)
  A big kobold (D:7)
  5 bullfrogs
  4 gnoll sergeants (D:9)
  A water moccasin skeleton (D:10)
  4 scorpions
  3 howler monkeys
  5 wights (D:7)
  7 crimson imps
  A bullfrog zombie (D:6)
  9 hounds
  2 jellies (D:7)
  6 orc priests
  4 bullfrog skeletons
  3 centaur skeletons
  3 gnoll shamans (D:9)
  Terence (D:2)
  An iguana (D:9)
  14 orc wizards
  6 worker ants
  2 hound skeletons (D:4)
  3 worker ant zombies
  30 gnolls
  2 river rats (D:5)
  20 adders
  8 shadow imps
  5 oozes
  2 adder skeletons
  2 adder zombies
  6 worms
  4 dart slugs
  6 leopard geckos
  45 orcs
  3 ball pythons
  17 bats
  5 giant cockroaches
  9 goblins
  6 hobgoblins
  8 jackals
  4 quokkas
  9 frilled lizards
  A giant cockroach zombie (D:6)
  16 kobolds
  2 leopard gecko skeletons
  12 rats
  A plant (D:10)
383 creatures vanquished.

Vanquished Creatures (others)
  A wizard (D:5)
  29 plants (D:10)
30 creatures vanquished.

Grand Total: 413 creatures vanquished

Notes
Turn   | Place    | Note
-------+----------+-------------------------------------------
     0 | D:1      | Iloish the Gargoyle Earth Elementalist began the quest for
                  | the Orb.
     0 | D:1      | Reached XP level 1. HP: 10/10 MP: 3/3
   373 | D:1      | Reached XP level 2. HP: 10/15 MP: 5/5
   393 | D:1      | Reached skill level 4 in Earth Magic
   851 | D:1      | Reached XP level 3. HP: 17/19 MP: 6/6
   872 | D:1      | Learned a level 3 spell: Stone Arrow
  1691 | D:2      | Reached skill level 1 in Conjurations
  1694 | D:2      | Reached XP level 4. HP: 6/24 MP: 4/8
  2256 | D:2      | Noticed Terence
  2268 | D:2      | Reached skill level 5 in Earth Magic
  2268 | D:2      | Reached XP level 5. HP: 28/28 MP: 8/10
  2272 | D:2      | Killed Terence
  2308 | D:2      | Learned a level 5 spell: Lee's Rapid Deconstruction
  3686 | D:2      | Reached XP level 6. HP: 32/32 MP: 11/11
  4346 | D:3      | Found an iron altar of Okawaru.
  4436 | D:4      | Reached skill level 6 in Earth Magic
  4773 | D:4      | Reached XP level 7. HP: 36/36 MP: 6/13
  4798 | D:4      | Found a staircase to the Ecumenical Temple.
  4823 | Temple   | Entered the Ecumenical Temple
  4833 | Temple   | Became a worshipper of Vehumet
  5057 | D:4      | Noticed a hippogriff
  5065 | D:4      | Killed a hippogriff
  5453 | D:4      | Reached skill level 5 in Spellcasting
  5453 | D:4      | Reached skill level 7 in Earth Magic
  5453 | D:4      | Reached XP level 8. HP: 25/42 MP: 8/15
  5912 | D:5      | Entered Level 5 of the Dungeon
  6025 | D:5      | Found a glowing drain.
  6039 | Sewer    | Entered a sewer
  6053 | Sewer    | Reached * piety under Vehumet
  6053 | Sewer    | Offered knowledge of Shock by Vehumet.
  6053 | Sewer    | Reached skill level 1 in Armour
  6556 | Sewer    | Reached skill level 1 in Fighting
  6643 | Sewer    | Reached skill level 1 in Shields
  7062 | D:5      | Got a blackened hand axe
  7063 | D:5      | Identified the cursed +1 hand axe of the Pillar {flame,
                  | Str+4 Dex+2} (You found it on level 5 of the Dungeon)
  7085 | D:5      | Reached skill level 1 in Maces & Flails
  7085 | D:5      | Reached skill level 5 in Conjurations
  7204 | D:5      | Found a bloodstained altar of Trog.
  7497 | D:5      | Found a hazy altar of Hepliaklqana.
  7755 | D:5      | Noticed a wizard
  7758 | D:5      | Killed a wizard
  7892 | D:6      | Found Buwkey Hoyp's Book Emporium.
  7968 | D:6      | Found an iron altar of Okawaru.
  7991 | D:6      | Reached ** piety under Vehumet
  7991 | D:6      | Offered knowledge of Magic Dart by Vehumet.
  8273 | D:6      | Reached skill level 1 in Evocations
  8545 | D:6      | Noticed Edmund
  8553 | D:6      | Killed Edmund
  8826 | D:6      | Reached XP level 9. HP: 32/48 MP: 17/17
  9747 | D:7      | Offered knowledge of Inner Flame by Vehumet.
 10045 | D:7      | Found a glowing silver altar of Zin.
 10101 | D:7      | Reached skill level 8 in Earth Magic
 10520 | D:8      | Noticed a two-headed ogre
 10541 | D:8      | Killed a two-headed ogre
 10541 | D:8      | Reached XP level 10. HP: 48/56 MP: 5/19
 10958 | D:8      | Got a pitted leather armour
 10970 | D:8      | Identified the cursed +0 leather armour "Kiufrell" {rCorr
                  | Int+2} (You found it on level 8 of the Dungeon)
 11323 | D:8      | Reached *** piety under Vehumet
 12356 | D:9      | Offered knowledge of Throw Icicle by Vehumet.
 12688 | D:9      | Found a white marble altar of Elyvilon.
 12688 | D:9      | Found a glowing golden altar of the Shining One.
 12814 | D:9      | Reached **** piety under Vehumet
 13061 | D:10     | Entered Level 10 of the Dungeon
 13075 | D:10     | Noticed a white ugly thing
 13087 | D:10     | Offered knowledge of Venom Bolt by Vehumet.
 13109 | D:9      | HP: 1/58 [white ugly thing (21)]
 13142 | D:9      | Killed a white ugly thing
 13142 | D:9      | Reached skill level 5 in Shields
 13142 | D:9      | Reached skill level 9 in Earth Magic
 13645 | D:10     | Reached skill level 5 in Armour
 13645 | D:10     | Reached XP level 11. HP: 43/62 MP: 1/20
 13655 | D:10     | Reached skill level 5 in Fighting
 13958 | D:10     | Found a staircase to the Lair.
 14312 | D:10     | Noticed a green ugly thing
 14318 | D:10     | Killed a green ugly thing
 14616 | D:11     | Noticed a manticore
 14626 | D:11     | Noticed a green ugly thing
 14627 | D:11     | Killed a manticore
 14627 | D:11     | Reached skill level 5 in Maces & Flails
 15066 | D:10     | Killed a green ugly thing
 15297 | D:11     | Noticed a centaur warrior
 15305 | D:11     | Killed a centaur warrior
 15705 | D:11     | Found a staircase to the Orcish Mines.
 15975 | D:11     | Noticed a cyclops
 15983 | D:11     | Killed a cyclops
 16264 | D:11     | Got a heavily runed granite ring
 16265 | D:11     | Identified the ring of Pefiecsinn {rPois rC+} (You found it
                  | on level 11 of the Dungeon)
 16336 | D:12     | Reached skill level 5 in Dodging
 16360 | D:12     | Reached XP level 12. HP: 64/70 MP: 22/22
 16542 | D:12     | Reached skill level 10 in Earth Magic
 16584 | D:12     | Reached skill level 5 in Evocations
 16589 | D:12     | Reached ***** piety under Vehumet
 16600 | D:12     | Noticed a four-headed hydra
 16604 | D:12     | Killed a four-headed hydra
 16730 | D:12     | Offered knowledge of Sticky Flame by Vehumet.
 17050 | D:12     | Found Mac Xas's Antique Armour Shop.
 17489 | D:13     | Noticed a fire dragon
 17502 | D:13     | Killed from afar by a fire dragon

Vault maps used:
D:1:      dpeg_arrival_long_road, minmay_crystal_room, due_unseen_surprise
D:2:      uniq_terence
D:3:      okawaru_altar_gauntlet_db
D:4:      minmay_temple_entry_water_ring
D:5:      kennysheep_little_box, lightli_sewer_entry_pipes, first_ration,
          serial_park_tiny_2, trog_wizard
D:6:      serial_shops, nicolae_shop_stone, minmay_ruined_shrine, uniq_edmund
D:7:      lemuel_coloured_pillars_altar
D:9:      gammafunk_temple_overflow_statue, serial_gnoll_camp,
          gnoll_camp_mini_house, gnoll_camp_mini_sergeant, gnoll_camp_mini_hut,
          gnoll_camp_medium_01, gnoll_camp_mini_house, gnoll_camp_mini_house
D:10:     david_lair_shrubbed, serial_rivers, chequers_serial_rivers_small_3,
          chequers_serial_rivers_room_a, chequers_serial_rivers_micro_b,
          chequers_serial_rivers_small_b
D:11:     minmay_the_grid_triangle_9x9_recursive_2, grunt_tengu_nest
D:12:     serial_shops, shop
D:13:     kennysheep_funnel, fedhas_altar_decomposition
Temple:   nicolae_temple_no_exploring_needed
Sewer:    sewer_fruit_machine

Skill      XL: |  1  2  3  4  5  6  7  8  9 10 11 12 |
---------------+-------------------------------------+-----
Earth Magic    | 4 5 6 7 8 9 10 | 10.2
Conjurations   | 1 2 4 5 6 7 8 |  8.2
Spellcasting   | 3 4 5 6 7 |  7.6
Armour         | 2 3 5 6 |  6.6
Fighting       | 2 3 4 6 |  6.5
Shields        | 2 3 5 6 |  6.6
Dodging        | 2 3 4 5 |  5.3
Maces & Flails | 2 3 4 5 |  5.9
Evocations     | 1 2 3 4 5 |  5.1
Stealth        | |  2.1
Transmutations | |  0.7

Action                   |  1- 3 |  4- 6 |  7- 9 | 10-12 || total
-------------------------+-------+-------+-------+-------++-------
Melee: Unarmed           |    10 |       |       |       ||    10
       Mace              |   144 |   173 |   366 |    27 ||   710
       Dire flail        |       |       |       |   507 ||   507
 Cast: Sandblast         |    14 |    11 |    40 |    91 ||   156
       Stone Arrow       |       |     3 |     6 |    14 ||    23
       Lee's Rapid Decon |       |       |    11 |    16 ||    27
Evoke: Wand              |       |       |       |     1 ||     1
  Use: Potion            |     1 |       |     4 |     6 ||    11
       Scroll            |       |     9 |    12 |    14 ||    35
 Stab: Sleeping          |     2 |     4 |     5 |     5 ||    16
       Distracted        |       |       |     1 |       ||     1
  Eat: Chunk             |     3 |     7 |    15 |    24 ||    49
       Ration            |       |     1 |     2 |     1 ||     4
Armor: Robe              |    76 |    73 |   218 |    15 ||   382
       Leather armour    |       |       |       |   274 ||   274
Dodge: Dodged            |   128 |   160 |   346 |   618 ||  1252

Table legend:
 A = Non-vault XP
 B = Vault XP
 C = Vault XP percentage of total XP
 D = Non-vault monster count
 E = Vault monster count
 F = Vault count percentage of total count
                 A         B        C        D         E       F
            +---------+---------+-------+---------+---------+-------
      Total |   19186 |    5290 |  21.6 |     283 |      99 |  25.9
            +---------+---------+-------+---------+---------+-------
        D:1 |      48 |       0 |   0.0 |      25 |       0 |   0.0
        D:2 |     197 |      36 |  15.5 |      31 |       1 |   3.1
        D:3 |     120 |      33 |  21.6 |      19 |       6 |  24.0
        D:4 |     772 |       0 |   0.0 |      19 |       0 |   0.0
        D:5 |     193 |      95 |  33.0 |       9 |      13 |  59.1
        D:6 |     670 |     216 |  24.4 |      16 |       6 |  27.3
        D:7 |    1071 |       0 |   0.0 |      27 |       0 |   0.0
        D:8 |    2331 |       0 |   0.0 |      25 |       0 |   0.0
        D:9 |    1926 |     936 |  32.7 |      30 |      28 |  48.3
       D:10 |    3538 |    1445 |  29.0 |      37 |       6 |  14.0
       D:11 |    2070 |    2433 |  54.0 |      10 |      11 |  52.4
       D:12 |    6250 |       0 |   0.0 |      35 |       0 |   0.0
      Sewer |       0 |      96 | 100.0 |       0 |      28 | 100.0
            +---------+---------+-------+---------+---------+-------
